 Dungeon Crawl Stone Soup version 0.31-a0-246-g8cbcc1cb85 (console) character file.

Game seed: 15777549912372550394

314 jejorda2 the Changeling (level 6, -1/48 HPs)
             Began as a Merfolk Shapeshifter on July 12, 2023.
             Was a Believer of Makhleb.
             Slain by Duvessa
             ... wielding a +0 short sword
              (7 damage)
             ... on level 4 of the Dungeon.
             The game lasted 00:07:27 (1585 turns).

jejorda2 the Changeling (Merfolk Shapeshifter)      Turns: 1585, Time: 00:07:27

Health: -1/48      AC:  6    Str: 16 (17) XL:     6   Next: 43%
Magic:  6/6        EV: 10    Int:  7      God:    Makhleb [**....]
Gold:   82         SH:  0    Dex: 14 (15) Spells: 5/5 levels left

rFire   . .          .
                       - Unarmed
rCold   . . .        (no shield)
rNeg    . . .        i - +0 scale mail
rPois   .            (helmet currently unavailable)
rElec   .            (cloak currently unavailable)
rCorr   +            (gloves currently unavailable)
SInv    .            (boots currently unavailable)
Will    .....        (no amulet) Stlth
                     g - ring of flight
HPRegen 0.28/turn    u - ring of resist corrosion
MPRegen 0.10/turn

%: no passive effects
@: mighty, beast-form, flying
A: beast (slay +4), (nimble swimmer 2), mertail
a: Renounce Religion, Minor Destruction


You were on level 4 of the Dungeon.
You worshipped Makhleb.
Makhleb was pleased with you.
You were a hulking beast.
You visited 1 branch of the dungeon, and saw 4 of its levels.

You collected 82 gold pieces.

Inventory:

Missiles
 e - 19 stones
Armour
 a - a +2 pair of boots
 i - a +0 scale mail (worn)
Jewellery
 g - a ring of flight (left hand)
 u - a ring of resist corrosion (right hand)
Talismans
 c - a beast talisman
Scrolls
 d - a scroll of torment {unknown}
 h - a scroll of fear {unknown}
 m - 2 scrolls of enchant armour {unknown}
 o - a scroll of enchant weapon {unknown}
 q - a scroll of teleportation {unknown}
 s - a scroll of identify {unknown}
 t - a scroll of poison {unknown}
Potions
 b - 2 potions of lignification
 l - 2 potions of degeneration
 n - a potion of magic {unknown}
 p - a potion of curing {unknown}
 r - a potion of heal wounds {unknown}


   Skills:
 + Level 4.1 Fighting
 - Level 2.6 Dodging
 + Level 4.0 Unarmed Combat
 * Level 6.3 Shapeshifting


You had 5 spell levels left.
You didn't know any spells.
Your spell library was empty.

Dungeon Overview and Level Annotations

Branches:
Dungeon (4/15)
 Temple: D:4-7

Altars:
Gozag
Makhleb
Xom

Annotations:
D:4 Duvessa


Innate Abilities, Weirdness & Mutations

You are a hulking beast.
Your limbs bulge with bestial killing power. (Slay +4)
((You are very nimble when in or above water. (Stealth+, EV+, Speed+++)))
Your lower body shifts to a powerful aquatic tail in water.


Message History

You fly downwards.
Level annotation: Duvessa
There is a stone staircase leading up here.
You hear a shout!
You hear a shout!
You hear a shout!
You hear a shout!
d - a scroll labelled JUREIM HAOBACA You hear a shout!
You hear a shout!
Duvessa and an ogre come into view.
Duvessa shouts!
The ogre shouts!
Items here: ! ) [ †.
Aiming: Minor Destruction (22% risk of failure)
Press: ? - help, Shift-Dir - straight line, f - ogre
Aim: an ogre, wielding a +0 giant club The zap misses the ogre.
Aiming: Minor Destruction (22% risk of failure)
Press: ? - help, Shift-Dir - straight line, f - Duvessa, p - ogre
Aim: Duvessa, wielding a +0 short sword and wearing a +0 leather armour (berserk) Duvessa resists with almost no effort.
Unknown command.
You hit Duvessa.
Duvessa is lightly wounded.
Duvessa hits you with a +0 short sword!
You punch Duvessa!
Duvessa is moderately wounded.
Duvessa hits you with a +0 short sword. Duvessa hits you with a +0 short sword!
You hit Duvessa.
Duvessa is moderately wounded.
Duvessa hits you with a +0 short sword!
* * * LOW HITPOINT WARNING * * *
You feel very mighty all of a sudden. Duvessa hits you with a +0 short sword!
* * * LOW HITPOINT WARNING * * *
Duvessa misses you.
You punch Duvessa!
Duvessa is heavily wounded.
Duvessa hits you with a +0 short sword!
You die...

#......# ### ....#.#
##.#####..##.##
#...#.#..##...###
#...............##.
######[...............#.
#...##..........##......
##...##...........##..<..
#.....##h................
##.##.<..#e##.......#.....##
..........[O.[.......#.##....
..........###.......>.#......
.....##..[...............#.#.
##... #.......##.........##..
#.. #..#..#.###......... ..
#. ....O..#... .....##
##........##........#


You could see Duvessa (berserk) and an ogre.

Vanquished Creatures
  Sigmund (D:4)
  Dowan (D:4)
  A crimson imp (D:3)
  An adder (D:2)
  A dart slug (D:1)
  2 orcs (D:4)
  3 ball pythons
  2 endoplasms
  6 giant cockroaches
  6 goblins
  4 hobgoblins
  4 jackals (D:2)
  3 quokkas
  5 bats
  5 frilled lizards
  4 kobolds
  8 rats
57 creatures vanquished.

Notes
Turn   | Place    | Note
-------+----------+-------------------------------------------
     0 | D:1      | jejorda2 the Merfolk Shapeshifter began the quest for the
                  | Orb.
     0 | D:1      | Reached XP level 1. HP: 16/16 MP: 1/1
   116 | D:1      | Found a faded altar of an unknown god.
   129 | D:1      | Prayed at the altar of an unknown god.
   129 | D:1      | Became a worshipper of Makhleb the Destroyer
   129 | D:1      | Reached * piety under Makhleb
   175 | D:1      | Reached XP level 2. HP: 23/23 MP: 2/2
   346 | D:1      | Reached XP level 3. HP: 28/28 MP: 3/3
   469 | D:2      | Reached ** piety under Makhleb
   964 | D:3      | Reached XP level 4. HP: 30/35 MP: 4/4
  1013 | D:3      | Reached skill level 5 in Shapeshifting
  1074 | D:3      | Found an opulent altar of Gozag.
  1122 | D:3      | Found a burning altar of Makhleb.
  1122 | D:3      | Found a shimmering altar of Xom.
  1332 | D:4      | Noticed Sigmund
  1354 | D:4      | Killed Sigmund
  1355 | D:4      | Reached skill level 6 in Shapeshifting
  1355 | D:4      | Reached XP level 5. HP: 14/42 MP: 5/5
  1355 | D:4      | Reached XP level 6. HP: 16/48 MP: 6/6
  1495 | D:4      | Noticed Dowan
  1525 | D:4      | Killed Dowan
  1526 | D:4      | Noticed Duvessa
  1585 | D:4      | Slain by Duvessa

Illustrated notes

Levels and vault maps discovered:
D:1:      dpeg_arrival_solitude, layout_rooms,
          dreamdust_ecumenical_altar_angels_and_demons
D:2:      layout_basic
D:3:      layout_rooms, grunt_temple_overflow_champion_of_chaos,
          nicolae_overflow_hidden_temple
D:4:      layout_cave_pools, lemuel_round_altar, uniq_sigmund, uniq_duvessa

Skill      XL: |  1  2  3  4  5  6 |
---------------+-------------------+-----
Fighting       | 3 4 |  4.1
Shapeshifting  | 6 |  6.3
Unarmed Combat | 3 4 |  4.0
Dodging        | |  2.6

Action                     |  1- 3 |  4- 6 || total
---------------------------+-------+-------++-------
  Melee: Unarmed           |    85 |    50 ||   135
         Punch             |     4 |     3 ||     7
 Invoke: Minor Destruction |       |     2 ||     2
    Use: Potion            |       |     6 ||     6
 Armour: Animal skin       |     4 |       ||     4
         Scale mail        |    22 |    20 ||    42
  Dodge: Dodged            |    38 |    11 ||    49

Table legend: (Time is in decaauts)
 A = Elapsed time spent in this place.
 B = Non-inter-level travel time spent in this place.
 C = Inter-level travel time spent in this place.
 D = Time resting spent in this place.
 E = Time spent auto-exploring this place.
 F = Levels seen in this place.
 G = Mean time per level.
                   A        B        C        D        E       F      G
               +--------+--------+--------+--------+--------+-----+--------+
         Total |   1558 |   1469 |     89 |      8 |   1032 |   4 |  389.5 |
       Dungeon |   1558 |   1469 |     89 |      8 |   1032 |   4 |  389.5 |
               +--------+--------+--------+--------+--------+-----+--------+

Top non-repeatable levels by time:
     D:2: 472 daAuts
     D:1: 449 daAuts
     D:3: 382 daAuts
     D:4: 253 daAuts
